Map: 2000 Atmospheres LE

Players

SpeCial - Winner!

  • Race: Terran Terran
  • League: Master

Lambo

  • Race: Zerg Zerg

Event: DreamHack SC2 Masters Last Chance 2022

VOD

Have the link to the VOD?

Description

Time

  • Played on: Dec. 19, 2021, 9:11 p.m.
  • Length: 10:53

All games in this series

Show
View Real Time Build Order
Export as new Build Order

SpeCial Terran - Winner!

Build Orders: Liberator Opening, Reaper Expand, Mech 

Get SALT Encoding   

  12  0:00  SCV  
  13  0:12  SCV  
  14  0:18  Supply Depot  
  14  0:24  SCV  
  15  0:39  SCV  
  15  0:41  Barracks  
  16  0:43  Refinery  
  16  0:51  SCV  
  17  1:03  SCV  
  18  1:15  SCV  
  19  1:27  Reaper  
  19  1:28  Orbital Command  
  20  1:38  Command Center  
  20  1:48  Supply Depot  
  20  1:54  SCV  
  20  1:59  Marine  
  22  2:06  SCV  
  23  2:08  Factory  
  23  2:15  Refinery  
  23  2:18  SCV  
  25  2:23  Barracks Reactor  
  24  2:30  SCV  
  25  2:42  SCV  
  26  2:47  Command Center  
  26  2:51  Orbital Command  
  26  2:54  SCV  
  27  3:01  Starport  
  27  3:07  SCV  
  30  3:12  Hellion  
  30  3:13  Hellion  
  30  3:15  Marine  
  30  3:19  SCV  
  34  3:21  SCV  
  39  3:34  Hellion, SCV x2  
  39  3:35  Hellion  
  39  3:37  Liberator  
  39  3:39  Marine  
  45  3:44  Supply Depot  
  45  3:47  SCV  
  46  3:48  SCV  
  46  3:59  Hellion x2, SCV  
  46  4:00  Orbital Command  
  51  4:06  Barracks Tech Lab  
  51  4:08  Supply Depot  
  51  4:12  SCV x2  
  53  4:20  Hellion x2  
  53  4:22  Liberator  
  60  4:25  SCV  
  60  4:28  Orbital Command  
  61  4:31  SCV  
  61  4:33  Supply Depot  
  62  4:39  SCV  
  62  4:42  Hellion x2  
  62  4:44  SCV  
  68  4:49  Barracks Tech Lab  
  68  4:51  SCV  
  69  4:54  Factory  
  69  4:56  Supply Depot, SCV x2  
  71  5:03  Factory, SCV  
  71  5:05  Refinery x2  
  71  5:06  Hellion  
  74  5:08  Hellion, SCV  
  74  5:11  SCV  
  78  5:15  SCV  
  78  5:19  Supply Depot  
  78  5:20  SCV  
  80  5:23  SCV  
  80  5:28  Hellion, SCV  
  84  5:29  Hellion  
  84  5:32  SCV  
  87  5:35  SCV  
  87  5:38  Armory x2  
  87  5:40  SCV  
  89  5:44  SCV  
  89  5:47  SCV  
  89  5:49  Hellion  
  91  5:50  Hellion  
  91  5:52  SCV  
  91  5:56  SCV  
  95  6:00  SCV  
  93  6:04  SCV  
  93  6:08  SCV  
  93  6:11  Hellion  
  83  6:12  Hellion, SCV  
  83  6:16  SCV  
  85  6:20  SCV  
  85  6:22  Infernal Pre-Igniter, Cyclone  
  85  6:24  SCV  
  81  6:27  Refinery x2  
  81  6:28  SCV  
  81  6:31  Supply Depot, Terran Vehicle Weapons Level 1, Terran Vehicle And Ship Armor Level 1  
  81  6:32  Hellion, SCV  
  84  6:33  Hellion, Command Center  
  84  6:35  Liberator  
  84  6:36  SCV  
  84  6:38  Cyclone  
  94  6:40  SCV  
  94  6:45  Supply Depot x2, SCV  
  95  6:48  SCV  
  95  6:52  SCV  
  95  6:53  Mag-Field Accelerator  
  97  6:57  SCV  
  97  7:00  Hellion x2, SCV, Cyclone  
  106  7:04  SCV  
  107  7:09  SCV  
  107  7:10  Supply Depot, Cyclone  
  107  7:12  Factory x2, SCV, Engineering Bay  
  112  7:16  SCV  
  112  7:18  Supply Depot  
  112  7:21  SCV  
  112  7:22  Supply Depot  
  114  7:23  Hellion x2  
  114  7:24  Supply Depot  
  118  7:32  Cyclone  
  118  7:36  Supply Depot  
  119  7:45  Hellion x2  
  119  7:47  Siege Tank  
  119  7:50  SCV x3  
  129  7:57  Factory Reactor, Factory Tech Lab  
  129  8:02  SCV  
  129  8:03  Refinery  
  129  8:04  Liberator, Siege Tank  
  136  8:06  Hellion x2  
  136  8:11  Refinery  
  140  8:19  Siege Tank  
  136  8:21  Siege Tank  
  136  8:25  SCV x2  
  141  8:27  Hellion x2  
  141  8:31  Planetary Fortress  
  145  8:36  Siege Tank  
  145  8:38  Hellion x2  
  145  8:39  Command Center  
  150  8:49  Hellion x2  
  150  8:51  Siege Tank  
  150  8:53  Siege Tank  
  150  8:54  SCV x3  
  163  8:55  Factory  
  163  8:59  Command Center x2  
  163  9:01  Hellion x2  
  167  9:04  Factory  
  167  9:06  Missile Turret, SCV  
  167  9:09  Siege Tank  
  171  9:11  SCV x2  
  173  9:18  Hellion  
  173  9:23  Siege Tank  
  178  9:24  Hellion  
  178  9:27  Supply Depot  
  178  9:28  Supply Depot  
  180  9:32  Siege Tank  
  180  9:37  Medivac  
  185  9:39  Hellion  
  185  9:45  Siege Tank  
  188  9:48  Hellion  
  188  9:49  Hellion  
  188  9:50  Hellion  
  188  9:56  Command Center  
  185  10:00  Hellion, Factory Tech Lab  
  185  10:01  Factory Tech Lab  
  185  10:02  Siege Tank  
  185  10:04  Siege Tank  
  193  10:10  Hellion x2  
  193  10:12  Hellion  
  191  10:17  Siege Tank  
  191  10:19  Hellion x2  
  198  10:22  Hellion  
Show
View Real Time Build Order
Export as new Build Order

Lambo Zerg 

Build Orders: Hatch First 

Get SALT Encoding   

  12  0:00  Drone  
  13  0:12  Overlord  
  13  0:16  Drone  
  14  0:30  Drone x2  
  16  0:48  Hatchery  
  15  0:50  Drone  
  15  0:54  Drone  
  17  0:57  Drone  
  18  1:07  Extractor  
  17  1:12  Spawning Pool  
  17  1:15  Drone  
  17  1:18  Drone  
  18  1:27  Drone  
  19  1:38  Drone  
  20  1:49  Overlord  
  20  2:00  Zergling x4, Queen x2  
  26  2:10  Drone  
  26  2:11  Drone  
  26  2:13  Metabolic Boost  
  28  2:21  Drone  
  28  2:22  Drone  
  30  2:35  Hatchery  
  29  2:39  Drone  
  30  2:44  Queen  
  30  2:48  Drone  
  30  2:49  Overlord  
  32  2:55  Drone x2  
  34  3:00  Drone  
  35  3:06  Queen, Overlord  
  35  3:11  Drone x2  
  39  3:14  Drone  
  39  3:16  Drone  
  41  3:21  Queen  
  41  3:25  Drone  
  41  3:26  Drone  
  46  3:27  Zergling x2  
  46  3:31  Zergling x2  
  47  3:38  Drone  
  47  3:40  Drone  
  49  3:43  Drone x2  
  49  3:47  Drone x3  
  54  3:50  Queen  
  54  3:53  Drone  
  54  3:54  Overlord  
  57  3:57  Drone  
  57  4:02  Overlord, Extractor  
  57  4:04  Overlord  
  57  4:05  Overlord  
  57  4:07  Overlord  
  58  4:15  Queen  
  58  4:16  Zergling x4  
  58  4:17  Zergling x2  
  63  4:21  Zergling x2  
  64  4:24  Zergling x2  
  64  4:25  Drone x2  
  64  4:26  Drone, Lair  
  64  4:28  Extractor  
  65  4:31  Drone x2  
  65  4:35  Drone x2  
  65  4:36  Drone x2  
  71  4:41  Drone  
  71  4:44  Drone x4  
  76  4:49  Drone, Baneling Nest  
  76  4:50  Drone  
  76  4:57  Drone  
  76  4:59  Drone x4  
  81  5:00  Spore Crawler  
  81  5:02  Spore Crawler  
  81  5:04  Zergling x8  
  83  5:09  Drone x2  
  83  5:13  Evolution Chamber  
  84  5:15  Drone, Evolution Chamber  
  84  5:18  Extractor  
  84  5:19  Extractor  
  82  5:24  Drone x4  
  82  5:26  Drone x2, Hatchery  
  87  5:31  Drone  
  87  5:33  Drone, Centrifugal Hooks  
  87  5:34  Extractor  
  88  5:35  Drone  
  88  5:38  Overlord  
  91  5:46  Overlord  
  91  5:47  Overlord  
  91  5:48  Baneling x5  
  91  5:49  Overlord  
  91  5:51  Baneling x3  
  91  5:52  Zergling x2  
  91  5:56  Zergling x2  
  76  6:00  Zergling x8  
  76  6:02  Drone x2  
  64  6:08  Drone x2  
  60  6:18  Drone x3  
  59  6:20  Drone  
  59  6:22  Drone  
  60  6:26  Drone x2  
  60  6:29  Drone x2  
  60  6:31  Drone  
  65  6:33  Drone  
  65  6:34  Drone  
  65  6:36  Drone  
  65  6:38  Drone  
  69  6:43  Drone x4  
  69  6:45  Drone  
  74  6:50  Roach Warren  
  74  6:52  Drone x3  
  75  6:54  Drone  
  75  6:57  Drone x2  
  75  6:59  Drone x2  
  79  7:01  Drone  
  79  7:06  Drone x3  
  83  7:11  Drone x2  
  83  7:12  Zerg Missile Weapons Level 1, Drone, Extractor  
  85  7:16  Drone  
  85  7:17  Drone  
  85  7:19  Drone x3  
  85  7:21  Drone  
  91  7:23  Drone x4  
  91  7:25  Drone x2  
  91  7:28  Drone x2  
  99  7:35  Roach x3  
  105  7:37  Baneling  
  105  7:38  Baneling x7  
  105  7:43  Roach x2  
  109  7:45  Drone x5  
  109  7:49  Drone x3  
  117  7:52  Zergling x4, Roach x2  
  117  7:54  Overlord  
  117  7:55  Overlord  
  117  7:57  Zerg Melee Weapons Level 1  
  123  8:00  Overlord  
  121  8:09  Overlord x2  
  121  8:15  Overlord  
  121  8:17  Roach  
  121  8:18  Roach x5  
  130  8:23  Roach x2  
  136  8:27  Roach x3  
  136  8:32  Zergling x12  
  141  8:35  Zergling x4  
  141  8:37  Ravager x4  
  141  8:39  Roach x2  
  141  8:40  Roach  
  152  8:44  Zergling x2, Roach x3  
  152  8:46  Zergling x4  
  154  8:50  Glial Reconstitution  
  154  8:52  Zergling x12  
  160  8:56  Baneling x3  
  160  8:57  Drone  
  160  8:59  Extractor  
  160  9:00  Extractor  
  160  9:02  Queen  
  161  9:05  Overlord  
  161  9:07  Baneling x7  
  161  9:09  Overlord  
  161  9:12  Baneling x2  
  161  9:14  Overlord  
  161  9:17  Overlord  
  158  9:24  Zergling x2  
  158  9:25  Zergling x16  
  158  9:29  Spore Crawler  
  166  9:33  Zergling x12  
  172  9:45  Drone x8  
  170  9:51  Queen  
  170  9:52  Drone x2  
  169  9:57  Infestation Pit, Overlord  
  169  9:59  Ravager x3  
  171  10:01  Zergling x6  
  171  10:05  Overlord  
  172  10:07  Zergling x6  
  172  10:10  Zergling x4  
  171  10:14  Zergling x2  
  171  10:19  Zergling x4  
  171  10:20  Zergling x2  
  175  10:22  Baneling x11  
  175  10:23  Zergling x2  
  175  10:27  Roach x3  
  181  10:30  Roach  
  181  10:34  Roach x2  

Tags
 
Add a new tag
Caveats
  • Supply blocks, unpowered buildings, or Contaminate may cause inaccurate times.
  • Supply counts are checked every 10 seconds.